 Dungeon Crawl Stone Soup version 0.29.1-15-g9cfb28693d (webtiles) character file.

Game seed: 1964456947119635346

22 Ast3rio the Conjurer (level 2, -4/15 HPs)
             Began as a Deep Elf Conjurer on Mar 13, 2023.
             Slain by a worm (10 damage)
             ... on level 2 of the Dungeon.
             The game lasted 00:01:31 (1116 turns).

Ast3rio the Conjurer (Deep Elf Conjurer)            Turns: 1116, Time: 00:01:33

Health: -4/15      AC:  2    Str:  4    XL:     2   Next: 68%
Magic:  0/8        EV: 12    Int: 22    God:
Gold:   50         SH:  0    Dex: 13    Spells: 6/7 levels left

rFire   . . .      SeeInvis .   (no weapon)
rCold   . . .      Faith    .   (no shield)
rNeg    . . .      Spirit   .   a - +0 robe
rPois   .          Reflect  .   (no helmet)
rElec   .          Harm     .   (no cloak)
rCorr   .          Rampage  .   (no gloves)
Will    .....                   (no boots)
Stlth   ++........              (no amulet)
HPRegen 0.05/turn               (no ring)
MPRegen 0.11/turn               (no ring)

@: no status effects
A: no striking features
a: no special abilities


You were on level 2 of the Dungeon.
You visited 1 branch of the dungeon, and saw 2 of its levels.

You collected 50 gold pieces.

Inventory:

Armour
 a - a +0 robe (worn)
Scrolls
 c - a scroll of silence {unknown}
 d - 2 scrolls of fear {unknown}
 g - a scroll of vulnerability {unknown}
 h - a scroll of magic mapping {unknown}
Potions
 b - a potion of magic
 e - a potion of mutation {unknown}
 f - a potion of berserk rage {unknown}
 i - a potion of heal wounds {unknown}


   Skills:
 + Level 2.9 Dodging
 + Level 3.0 Stealth
 + Level 3.4 Spellcasting
 + Level 4.6 Conjurations


You had 6 spell levels left.
You knew the following spells:

 Your Spells              Type           Power      Damage    Failure   Level
a - Magic Dart            Conj           96%        1d7       1%          1

Your spell library contained the following spells:

 Spells                   Type           Power      Damage    Failure   Level
 Searing Ray              Conj           48%        2d6       2%          2
 Dazzling Flash           Conj/Hex       26%        N/A       14%         3
 Fulminant Prism          Conj/Hex       6%         3d7       41%         4
 Iskenderun's Mystic Bla  Conj/Tloc      13%        2d5       41%         4


Dungeon Overview and Level Annotations

Branches:
Dungeon (2/15)

Altars:


Message History

You kill the frilled lizard!
An adder comes into view.
A worm comes into view.
Found a scroll labelled ILEHYD DIUPUCK.
The magic dart hits the adder.
The adder is moderately wounded.
The adder hisses angrily.
A kobold comes into view. It is wielding a +0 dagger.
The magic dart hits the adder.
The adder is heavily wounded.
The magic dart hits the adder.
The adder is severely wounded.
The magic dart hits the adder.
The adder is severely wounded.
The adder barely misses you. The adder bites you.
You are poisoned.
The adder poisons you!
The magic dart hits the adder.
You kill the adder!
You feel sick.
Your Stealth skill increases to level 3!
The magic dart hits the kobold.
You kill the kobold!
You feel sick.
The magic dart hits the worm.
The worm is heavily wounded.
You feel sick.
The magic dart hits the worm.
The worm is severely wounded.
You feel sick.
You are out of magic!
You are out of magic!
You feel sick.
You hit the worm.
The worm is severely wounded.
You feel sick.
You are no longer poisoned.
The worm bites you!
Ouch! That really hurt!
You die...

#.#. #.#.#.##
#.#.#######.#.#.## #
#............<.... ##
#.#.#.#..#.######.## ...
#.#.#....#......#.##
....#.#.####.#...##.#...
..................# ####
...#...####.#<...# #.w@#
#.###..# ....).#.# #.>
..# ......#.# #### .#..
..>.. #.# . ....# #.#
.... #.# ##+ #?# #.#


You could see a worm.

Vanquished Creatures
  An adder (D:2)
  A dart slug (D:1)
  An endoplasm (D:1)
  2 goblins (D:1)
  A quokka (D:1)
  2 bats (D:1)
  A frilled lizard (D:2)
  A kobold (D:2)
  A rat (D:1)
11 creatures vanquished.

Notes
Turn   | Place    | Note
-------+----------+-------------------------------------------
     0 | D:1      | Ast3rio the Deep Elf Conjurer began the quest for the Orb.
     0 | D:1      | Reached XP level 1. HP: 10/10 MP: 6/6
   252 | D:1      | Reached XP level 2. HP: 15/15 MP: 5/8
  1116 | D:2      | Slain by a worm

Illustrated notes

Levels and vault maps discovered:
D:1:      dpeg_arrival_pond, layout_loops_ring
D:2:      layout_basic, uniq_robin

Skill      XL: |  1  2 |
---------------+-------+-----
Stealth        | 3 |  3.0
Dodging        | |  2.9
Spellcasting   | |  3.4
Conjurations   | |  4.6

Action                   || total
-------------------------++-------
Melee: Unarmed           ||     1
 Cast: Magic Dart        ||    26
Dodge: Dodged            ||     3
